 Dungeon Crawl Stone Soup version 0.32-a0-871-ge202e49faa (webtiles) character file.

Game seed: 16745667190455445089

3766 Lanoc the Grappler (level 9, -3/85 HPs)
             Began as a Troll Shapeshifter on Mar 29, 2024.
             Was a Believer of Wu Jian.
             Killed from afar by Psyche (5 damage)
             ... with a chain of chaos
             ... on level 8 of the Dungeon.
             The game lasted 00:07:19 (5124 turns).

Lanoc the Grappler (Troll Shapeshifter)             Turns: 5124, Time: 00:07:20

Health: -3/85      AC:  7    Str: 31 (34) XL:     9   Next: 94%
Magic:  8/8        EV:  8    Int:  5 (6)  God:    Wu Jian [**....]
Gold:   409        SH:  7    Dex:  7 (9)  Spells: 8/8 levels left

rFire   . .          .
                       - Unarmed
rCold   . . .        s - +1 kite shield {rN+}
rNeg    + + .        I - +0 steam dragon scales
rPois   .            (helmet currently unavailable)
rElec   .            (cloak currently unavailable)
rCorr   .            (gloves unavailable)
SInv    .            (boots unavailable)
Will    .....        (no amulet)
Stlth   +            n - +6 ring of strength
HPRegen 1.14/turn    t - ring of positive energy
MPRegen 0.11/turn

%: no passive effects
@: beast-form
A: beast (slay +4), large, unfitting armour, claws 3, regeneration 1, shaggy fur
1, tough skin 1
a: Begin Untransformation, Renounce Religion, Wall Jump


You were on level 8 of the Dungeon.
You worshipped Wu Jian.
Wu Jian was pleased with you.
You were a hulking beast.
You visited 2 branches of the dungeon, and saw 9 of its levels.

You collected 409 gold pieces.

Inventory:

Armour
 s - a +1 kite shield of positive energy (worn)
 I - +0 steam dragon scales (worn)
Jewellery
 n - a +6 ring of strength (left claw)
 t - a ring of positive energy (right claw)
 w - a ring of resist corrosion
 C - an amulet of faith
Talismans
 c - a beast talisman (active)
 d - a flux talisman
Wands
 H - a wand of flame (19)
 K - a wand of warping (13)
Scrolls
 h - 3 scrolls of amnesia {unknown}
 i - 2 scrolls of enchant armour {unknown}
 j - 4 scrolls of enchant weapon {unknown}
 k - a scroll of poison {unknown}
 l - a scroll of noise {unknown}
 m - a scroll of fear {unknown}
 p - 2 scrolls of brand weapon {unknown}
 r - a scroll of silence {unknown}
 u - 2 scrolls of teleportation {unknown}
 v - a scroll of immolation {unknown}
 x - 4 scrolls of identify {unknown}
 y - 3 scrolls of vulnerability {unknown}
 E - a scroll of torment {unknown}
Potions
 a - a potion of might {unknown}
 b - a potion of lignification
 e - 2 potions of brilliance {unknown}
 f - 5 potions of curing
 g - 2 potions of degeneration
 o - a potion of resistance {unknown}
 q - 2 potions of enlightenment {unknown}
 z - a potion of berserk rage {unknown}
 A - 3 potions of attraction {unknown}
 B - a potion of haste {unknown}
 D - 2 potions of ambrosia {unknown}
 F - a potion of cancellation {unknown}
 G - a potion of magic {unknown}
 J - a potion of heal wounds {unknown}


   Skills:
 + Level 4.7 Fighting
 + Level 5.0 Dodging
 * Level 9.0 Unarmed Combat
 * Level 8.3 Shapeshifting


You had 8 spell levels left.
You didn't know any spells.
Your spell library contained the following spells:

 Spells                   Type           Power      Damage    Failure   Level
 Magic Dart               Conj           0%         1d3       73%         1
 Sting                    Conj/Alch      0%         1d3       73%         1
 Mercury Vapours          Alch/Air       0%         N/A       86%         2
 Searing Ray              Conj           0%         2d4       86%         2
 Dazzling Flash           Conj/Hex       0%         N/A       97%         3
 Sigil of Binding         Hex            0%         N/A       97%         3
 Fulminant Prism          Conj/Alch      0%         3d5       100%        4
 Leda's Liquefaction      Alch/Erth      0%         N/A       100%        4
 Olgreb's Toxic Radiance  Alch           0%         N/A       100%        4
 Lee's Rapid Deconstruct  Erth           0%         3d4*      100%        5
 Death Channel            Necr           0%         N/A       100%        6
 Permafrost Eruption      Ice/Erth       0%         2x4d2     100%        6
 Sculpt Simulacrum        Ice/Alch       0%         N/A       100%        6
 Starburst                Conj/Fire      0%         6d3       100%        6
 Maxwell's Capacitive Co  Air            0%         ∞         100%        8


Dungeon Overview and Level Annotations

Branches:
Dungeon (8/15)             Temple (1/1) D:5
   Lair: D:8-11

Altars:
Ashenzari
Cheibriados
Dithmenos
Fedhas
Gozag
Hepliaklqana
Kikubaaqudgha
Makhleb
Nemelex Xobeh
Okawaru
Ru
Sif Muna
Trog
Uskayaw
Vehumet
Wu Jian
Xom
Yredelemnul
Zin
The Shining One

Shops:
D:7 (

Annotations:
D:8 Psyche


Innate Abilities, Weirdness & Mutations

You are a hulking beast.
Your limbs bulge with bestial killing power. (Slay +4)
You are too large for most types of armour.
You have claws for hands.
Your natural rate of healing is unusually fast.
You are covered in fur. (AC +1)
You have tough skin. (AC +1)


Message History

The two-headed ogre is poisoned.
The arc of chaos hits the two-headed ogre.
The two-headed ogre is unaffected.
The arc of chaos hits you.
Psyche casts a spell.
A swirling arc of seething chaos appears!
The arc of chaos hits the two-headed ogre.
The two-headed ogre seems to grow stronger.
The arc of chaos hits the two-headed ogre.
Psyche gestures wildly while chanting.
Psyche flickers and vanishes!
Deactivating autopickup; reactivate with Ctrl-A.
You hear some strange, mumbled words.
A swirling arc of seething chaos appears!
An arc of chaos appears from out of thin air!
The arc of chaos hits the two-headed ogre!
The arc of chaos hits the two-headed ogre.
The two-headed ogre blinks!
You barely miss the two-headed ogre.
The two-headed ogre is heavily wounded.
The two-headed ogre looks more healthy.
The two-headed ogre hits you with a +0 giant spiked club!!
The two-headed ogre hits you with a +0 giant club!!
You hear a zap.
Your will is overpowered!
You are confused.
It was a potion of curing.
You feel better.
You are no longer corroded.
You hear a zap.
Something tries to affect you, but you resist.
The two-headed ogre hits you with a +0 giant spiked club!!
* * * LOW HITPOINT WARNING * * *
The two-headed ogre hits you with a +0 giant club!!
* * * LOW HITPOINT WARNING * * *
It was a potion of degeneration.
There was something very wrong with that liquid.
You feel weakened.
You feel dopey.
You feel clumsy.
You hear some strange, mumbled words.
A swirling arc of seething chaos appears!
An arc of chaos appears from out of thin air!
The arc of chaos hits you.
You die...

################# ###########
#..Oh..§...{....#
..........###.#############.#
########......##### #.##
########..........#########..#
...†..............##.........#
..#†.....###.##...##......#..#
.###...#.#
#.#.###.#.#...###@##
..###.##.# #<#.#
#...##.###...# ...#####.#
#...###...#####....#


You could see a two-headed ogre (strong).

Vanquished Creatures
  A troll (D:7)
  Grinder (D:5)
  Sigmund (D:5)
  A wyvern (D:7)
  2 steam dragons
  Duvessa (D:5)
  A water moccasin (D:7)
  2 orc warriors
  2 black bears (D:6)
  A centaur (D:7)
  2 phantoms (D:4)
  A kobold brigand (D:3)
  3 bullfrogs
  A gnoll sergeant (D:8)
  3 scorpions
  Dowan (D:5)
  5 wights (D:7)
  The ghost of Picsou the Shield-Bearer, a weakling MiFi (D:3)
  A howler monkey (D:8)
  A bombardier beetle (D:5)
  7 hounds
  4 orc priests
  2 gnoll boudas
  A sleepcap (D:5)
  2 iguanas
  Terence (D:2)
  4 orc wizards
  Natasha (thrice) (D:2)
  14 gnolls
  7 adders
  A shadow imp (D:6)
  2 white imps
  3 ufetubi
  7 dart slugs
  14 orcs
  9 ball pythons
  6 endoplasms
  3 giant cockroaches (D:1)
  10 goblins
  15 hobgoblins
  7 jackals
  2 quokkas
  5 bats
  2 frilled lizards (D:1)
  16 kobolds
  20 rats
199 creatures vanquished.

Vanquished Creatures (others)
  A sky beast (D:7)
  A white imp (D:7)
2 creatures vanquished.

Grand Total: 201 creatures vanquished

Notes
Turn   | Place    | Note
-------+----------+-------------------------------------------
     0 | D:1      | Lanoc the Troll Shapeshifter began the quest for the Orb.
     0 | D:1      | Reached XP level 1. HP: 18/18 MP: 0/0
    70 | D:1      | Reached XP level 2. HP: 16/26 MP: 1/1
    76 | D:1      | Reached skill level 1 in Fighting
   364 | D:1      | Reached XP level 3. HP: 33/33 MP: 2/2
   993 | D:2      | Noticed Natasha
   997 | D:2      | Killed Natasha
  1001 | D:2      | Noticed Natasha
  1008 | D:2      | Killed Natasha
  1009 | D:2      | Reached XP level 4. HP: 39/41 MP: 3/3
  1106 | D:2      | Noticed Terence
  1115 | D:2      | Killed Terence
  1116 | D:2      | Reached skill level 4 in Unarmed Combat
  1365 | D:2      | Noticed Natasha
  1369 | D:2      | Killed Natasha
  1370 | D:2      | Reached XP level 5. HP: 42/48 MP: 4/4
  1450 | D:3      | Found a broken altar of Ashenzari.
  1890 | D:3      | Found a runed translucent gate.
  1891 | D:3      | Noticed Picsou's ghost (weakling MiFi)
  1893 | D:3      | Found a runed translucent gate.
  1893 | D:3      | Found a runed translucent gate.
  2085 | D:3      | Reached XP level 6. HP: 57/57 MP: 5/5
  2092 | D:3      | Killed Picsou's ghost
  2179 | D:4      | Reached skill level 5 in Unarmed Combat
  2294 | D:4      | Reached skill level 5 in Shapeshifting
  2294 | D:4      | Reached XP level 7. HP: 61/66 MP: 6/6
  2452 | D:4      | Found a shimmering blue altar of Sif Muna.
  2453 | D:4      | Found a sacrificial altar of Ru.
  2608 | D:4      | Found a snail-covered altar of Cheibriados.
  2744 | D:5      | Entered Level 5 of the Dungeon
  2960 | D:5      | Noticed Duvessa
  2960 | D:5      | Noticed Dowan
  2972 | D:5      | Killed Duvessa
  2973 | D:5      | Reached skill level 6 in Unarmed Combat
  2974 | D:5      | Killed Dowan
  2975 | D:5      | Reached XP level 8. HP: 54/74 MP: 7/7
  3004 | D:5      | Found a sparkling altar of Nemelex Xobeh.
  3411 | D:5      | Noticed Grinder
  3418 | D:5      | Paralysed by Grinder for 3 turns
  3423 | D:5      | Paralysed by Grinder for 4 turns
  3432 | D:5      | Killed Grinder
  3454 | D:5      | Found a staircase to the Ecumenical Temple.
  3454 | D:5      | Noticed Sigmund
  3457 | D:5      | Killed Sigmund
  3462 | Temple   | Entered the Ecumenical Temple
  3487 | Temple   | Became a worshipper of the Wu Jian Council
  3715 | D:6      | Reached skill level 7 in Unarmed Combat
  3860 | D:6      | Found a radiant altar of Vehumet.
  4053 | D:6      | Reached XP level 9. HP: 84/84 MP: 8/8
  4086 | D:6      | Identified the +3 whip of Dissatisfaction {holy, rElec
                  | Dex-2 SInv}
  4206 | D:7      | Noticed a troll
  4211 | D:7      | Killed a troll
  4272 | D:7      | Reached skill level 8 in Unarmed Combat
  4368 | D:7      | Reached * piety under Wu Jian
  4493 | D:7      | Found Momutwo's Antique Weapon Shoppe.
  4803 | D:7      | Found an opulent altar of Gozag.
  5016 | D:8      | Reached ** piety under Wu Jian
  5040 | D:8      | Reached skill level 5 in Dodging
  5040 | D:8      | Reached skill level 9 in Unarmed Combat
  5101 | D:8      | Noticed a two-headed ogre
  5102 | D:8      | Noticed Psyche
  5123 | D:8      | HP: 1/85 [two-headed ogre/+0 giant spiked club (21)]
  5124 | D:8      | Killed from afar by Psyche

Illustrated notes

Levels and vault maps discovered:
D:1:      tarquinn_simple_flora_water_f, layout_rooms, serial_forest,
          infiniplex_forest_split, infiniplex_forest_lined_2,
          infiniplex_forest_pool, infiniplex_forest_lined_room_3,
          infiniplex_forest_split
D:2:      layout_loops_ring, uniq_terence, uniq_natasha
D:3:      layout_rooms, mainiacjoe_overflow_alcove_1,
          gammafunk_ghost_nasty_kobolds, wad_floor_pattern_1, minmay_rat_hole
D:4:      layout_basic, mainiacjoe_overflow_small_starburst,
          mainiacjoe_overflow_divided_tiny, feat_on_display
D:5:      layout_loops_ring, nemelex_spade_bored_becter,
          minmay_temple_entry_fiery, uniq_sigmund, uniq_grinder, uniq_duvessa
D:6:      layout_rooms, vehumet_altar_wand_db, minmay_fractal_squares_5
D:7:      layout_loops_cross, lemuel_round_altar, serial_shops, shop
D:8:      layout_loops_ring, mainiacjoe_overflow_surrounded_room,
          nicolae_straight_to_the_point, uniq_psyche
Temple:   cyrus_circular_temple

Skill      XL: |  1  2  3  4  5  6  7  8  9 |
---------------+----------------------------+-----
Fighting       | 1 2 3 4 |  4.7
Dodging        | 2 3 4 5 |  5.0
Unarmed Combat | 4 5 6 7 9 |  9.0
Shapeshifting  | 4 5 7 8 |  8.3

Action                     |  1- 3 |  4- 6 |  7- 9 || total
---------------------------+-------+-------+-------++-------
  Melee: Unarmed           |   260 |   165 |   242 ||   667
         Punch             |    12 |     3 |       ||    15
Ability: Lunge             |       |       |    11 ||    11
    Use: Potion            |       |       |     2 ||     2
   Stab: Sleeping          |     1 |       |       ||     1
 Armour: Animal skin       |    45 |   101 |    77 ||   223
         Steam dragon scal |       |       |    61 ||    61
  Dodge: Dodged            |    26 |    73 |    73 ||   172
  Block: Kite shield       |       |    47 |    69 ||   116

Table legend: (Time is in decaauts)
 A = Elapsed time spent in this place.
 B = Non-inter-level travel time spent in this place.
 C = Inter-level travel time spent in this place.
 D = Time resting spent in this place.
 E = Time spent auto-exploring this place.
 F = Levels seen in this place.
 G = Mean time per level.
                   A        B        C        D        E       F      G
               +--------+--------+--------+--------+--------+-----+--------+
         Total |   5101 |   4801 |    300 |      0 |   3579 |   9 |  566.8 |
       Dungeon |   5062 |   4774 |    288 |      0 |   3579 |   8 |  632.8 |
        Temple |     38 |     26 |     12 |      0 |      0 |   1 |   38.0 |
               +--------+--------+--------+--------+--------+-----+--------+

Top non-repeatable levels by time:
     D:5: 928 daAuts
     D:1: 839 daAuts
     D:7: 760 daAuts
     D:3: 714 daAuts
     D:2: 594 daAuts
     D:4: 579 daAuts
     D:6: 492 daAuts
     D:8: 152 daAuts
  Temple: 38 daAuts
